 Dungeon Crawl Stone Soup version 0.29-a0-72-g1732ff48e7 (webtiles) character file.

Game seed: 3144668023245751119

43 Dormantt the Firebug (level 3, -3/19 HPs)
             Began as a Deep Elf Fire Elementalist on Feb 3, 2022.
             Slain by Crazy Yiuf (13 damage)
             ... on level 2 of the Dungeon.
             The game lasted 00:01:28 (1739 turns).

Dormantt the Firebug (Deep Elf Fire Elementalist)   Turns: 1739, Time: 00:01:31

Health: -3/19      AC:  2    Str:  5    XL:     3   Next: 37%
Magic:  5/10       EV: 13    Int: 21    God:
Gold:   88         SH:  0    Dex: 15    Spells: 3/9 levels left

rFire   . . .      SeeInvis .   (no weapon)
rCold   . . .      Faith    .   (no shield)
rNeg    . . .      Spirit   .   a - +0 robe
rPois   .          Reflect  .   (no helmet)
rElec   .          Harm     .   (no cloak)
rCorr   .          Rampage  .   (no gloves)
Will    .....                   (no boots)
Stlth   ++........              (no amulet)
HPRegen 0.06/turn               (no ring)
MPRegen 0.12/turn               (no ring)

@: very slightly contaminated
A: no striking features
a: no special abilities


You were on level 2 of the Dungeon.
You visited 1 branch of the dungeon, and saw 2 of its levels.

You collected 88 gold pieces.

Inventory:

Armour
 a - a +0 robe (worn)
Scrolls
 b - 4 scrolls of teleportation {unknown}
 d - a scroll of identify {unknown}
 f - a scroll of enchant armour {unknown}
Potions
 c - a potion of haste {unknown}
 e - a potion of resistance {unknown}
 g - 2 potions of flight {unknown}
 h - a potion of berserk rage {unknown}


   Skills:
 + Level 2.8 Dodging
 + Level 3.0 Stealth
 * Level 3.8 Spellcasting
 + Level 1.5 Conjurations
 * Level 3.8 Fire Magic


You had 3 spell levels left.
You knew the following spells:

 Your Spells              Type           Power      Damage    Failure   Level
a - Foxfire               Conj/Fire      60%        2x1d7     4%          1
b - Scorch                Fire           40%        2d7       3%          2
c - Inner Flame           Hex/Fire       12%        N/A       17%         3

Your spell library contained the following spells:

 Spells                   Type           Power      Damage    Failure   Level
 Conjure Flame            Conj/Fire      15%        6-21      12%         3
 Summon Guardian Golem    Hex/Summ       4%         N/A       36%         3
 Flame Wave               Conj/Fire      15%        2d6       38%         4
 Orb of Destruction       Conj           5%         9d5       100%        7
 Spellforged Servitor     Conj/Summ      3%         N/A       100%        7


Dungeon Overview and Level Annotations

Branches:
Dungeon (2/15)

Altars:

Annotations:
D:2 Crazy Yiuf


Message History

Nothing appears to happen.
Crazy Yiuf shouts!
Crazy Yiuf says, "Fire!
Hah chair stair."
Your magical contamination has completely faded away.
Casting: Foxfire (safe; 4% risk of failure)
Confirm with . or Enter, or press ? or * to list all spells.
You miscast Foxfire.
You are very lightly contaminated with residual magic.
Nothing appears to happen.
Press: ? - help, v - describe, . - travel
Here: Crazy Yiuf, wielding a +4 quarterstaff of chaos and wearing a +0 cloak (fire blocked by a runed translucent door)
The floor.
You open the door.
Casting: Foxfire (safe; 4% risk of failure)
Confirm with . or Enter, or press ? or * to list all spells.
Flames lash Crazy Yiuf.
Crazy Yiuf is heavily wounded.
Crazy Yiuf's fire resistance burns away.
Crazy Yiuf hits you with a +4 quarterstaff of chaos!
Ouch! That really hurt!
Crazy Yiuf says, "Cards!"
Your magical contamination has completely faded away.
Crazy Yiuf is no longer more vulnerable to fire.
Crazy Yiuf whimpers, "Walk canine seventy!"
Casting: Scorch (safe; 3% risk of failure)
Confirm with . or Enter, or press ? or * to list all spells.
Flames lash Crazy Yiuf.
Crazy Yiuf is severely wounded.
Crazy Yiuf's fire resistance burns away.
Crazy Yiuf screams, "Walk!"
Unknown command.
Crazy Yiuf is no longer more vulnerable to fire.
Casting: Scorch (safe; 3% risk of failure)
Confirm with . or Enter, or press ? or * to list all spells.
You miscast Scorch.
You are very lightly contaminated with residual magic.
Nothing appears to happen.
Crazy Yiuf hits you with a +4 quarterstaff of chaos!
Ouch! That really hurt!
You die...

# #...'.♣♣♣♣......# #
#)..#♣♣ ♣♣.....# # ###
♣♣##..# # #.## # #.# #
#################.# #
#..............##.###### #
#......................# #
#...........@g.........# #
#......................# #
#...........÷..........# #
###########........)...# #
#............# ###
#............# ..#
#............#
..#############............#
...........................#


You could see Crazy Yiuf.

Vanquished Creatures
  An adder (D:2)
  3 dart slugs (D:2)
  A worm (D:2)
  2 bats
  An endoplasm (D:1)
  3 hobgoblins
  5 quokkas
  4 ball pythons
  3 kobolds
  A rat (D:2)
24 creatures vanquished.

Vanquished Creatures (others)
  135 foxfires
135 creatures vanquished.

Grand Total: 159 creatures vanquished

Notes
Turn   | Place    | Note
-------+----------+-------------------------------------------
     0 | D:1      | Dormantt the Deep Elf Fire Elementalist began the quest for
                  | the Orb.
     0 | D:1      | Reached XP level 1. HP: 10/10 MP: 6/6
   414 | D:1      | Reached XP level 2. HP: 15/15 MP: 5/8
   417 | D:1      | Learned a level 2 spell: Scorch
   823 | D:2      | Found a faded altar of an unknown god.
  1139 | D:2      | Reached XP level 3. HP: 19/19 MP: 6/10
  1143 | D:2      | Learned a level 3 spell: Inner Flame
  1540 | D:2      | Found a runed translucent door.
  1563 | D:2      | Noticed Crazy Yiuf
  1739 | D:2      | Slain by Crazy Yiuf

Illustrated notes

Levels and vault maps discovered:
D:1:      heliophobic_arrival_battle_scene, layout_rooms
D:2:      layout_basic, chequers_ecumenical_altar_grove, uniq_crazy_yiuf_cottage

Skill      XL: |  1  2  3 |
---------------+----------+-----
Stealth        | 3 |  3.0
Dodging        | |  2.8
Spellcasting   | |  3.8
Conjurations   | |  1.5
Fire Magic     | |  3.8

Action                   || total
-------------------------++-------
 Cast: Foxfire           ||    79
       Scorch            ||     3
Armor: Robe              ||     1
Dodge: Dodged            ||     4

Table legend: (Time is in decaauts)
 A = Elapsed time spent in this place.
 B = Non-inter-level travel time spent in this place.
 C = Inter-level travel time spent in this place.
 D = Time resting spent in this place.
 E = Time spent auto-exploring this place.
 F = Levels seen in this place.
 G = Mean time per level.
                   A        B        C        D        E       F      G
               +--------+--------+--------+--------+--------+-----+--------+
         Total |   1738 |   1732 |      6 |      0 |   1470 |   2 |  869.0 |
       Dungeon |   1738 |   1732 |      6 |      0 |   1470 |   2 |  869.0 |
               +--------+--------+--------+--------+--------+-----+--------+

Top non-repeatable levels by time:
     D:2: 1049 daAuts
     D:1: 689 daAuts
